General information
- name: BNet
- type: Ladder team game (AT/RT)
- host: Battle.net
- saver: unironic
map: Dragonblight
- players: 6
- length: 31:15
- speed: Fast
- version: 1.28 W3XP
- replay type:

» download(371 KB)
Players
team 1 (winner)
matathemyra (
yellow | 104 APM | 3240 actions | 31:14)
5 Archmage
3 Blizzard
2 Brilliance Aura
» actions
| Assign group hotkey | 77 | |
| Basic commands | 34 | |
| Build / train | 211 | |
| ESC pressed | 8 | |
| Enter build submenu | 130 | |
| Enter hero's abilities submenu | 5 | |
| Give item / drop item | 1 | |
| Remove unit from queue | 1 | |
| Right click | 1720 | |
| Select / deselect | 636 | |
| Select group hotkey | 202 | |
| Use ability | 215 | |
3240 total
» units
| Peasant | 26 | |
| Blue Dragon | 2 | |
| Priest | 1 | |
| Goblin Zeppelin | 1 | |
30 total
» upgrades
| Masonry | 3 | |
| Magic Sentry | 1 | |
| Lumber Harvesting | 2 | |
| Priest Training | 2 | |
8 total
» buildings
| Altar of Kings | 1 | |
| Farm | 6 | |
| Lumber Mill | 1 | |
| Scout Tower | 126 | |
| Arcane Tower | 4 | |
| Guard Tower | 145 | |
| Keep | 2 | |
| Arcane Sanctum | 1 | |
| Castle | 1 | |
| Town Hall | 2 | |
| Arcane Vault | 1 | |
| Blacksmith | 1 | |
291 total
» build order
00:07 Altar of Kings
00:22 Farm
00:23 Farm
00:36 Lumber Mill
01:21 Scout Tower
01:27 Scout Tower
01:29 Scout Tower
01:35 Farm
01:50 Arcane Tower
01:50 Arcane Tower
01:53 Scout Tower
01:56 Guard Tower
01:56 Guard Tower
01:56 Guard Tower
02:02 Guard Tower
02:02 Guard Tower
02:03 Scout Tower
02:07 Scout Tower
02:24 Guard Tower
02:24 Guard Tower
02:26 Scout Tower
02:31 Guard Tower
02:32 Guard Tower
02:36 Scout Tower
02:44 Guard Tower
02:44 Guard Tower
02:44 Guard Tower
02:46 Scout Tower
03:00 Guard Tower
03:01 Guard Tower
03:02 Scout Tower
03:08 Scout Tower
03:17 Farm
03:19 Farm
03:26 Guard Tower
03:26 Guard Tower
03:26 Guard Tower
03:50 Guard Tower
03:51 Guard Tower
03:54 Guard Tower
03:54 Guard Tower
04:04 Scout Tower
04:08 Scout Tower
04:54 Guard Tower
04:54 Guard Tower
04:55 Scout Tower
05:27 Guard Tower
05:27 Guard Tower
05:28 Scout Tower
05:34 Keep
05:35 Keep
06:16 Guard Tower
06:16 Guard Tower
06:16 Guard Tower
06:21 Scout Tower
06:21 Guard Tower
06:22 Guard Tower
06:55 Guard Tower
06:55 Guard Tower
06:57 Scout Tower
06:57 Scout Tower
07:30 Guard Tower
07:30 Guard Tower
07:51 Guard Tower
07:51 Guard Tower
07:51 Guard Tower
07:56 Scout Tower
07:57 Scout Tower
07:58 Scout Tower
08:04 Scout Tower
08:08 Scout Tower
08:09 Scout Tower
08:10 Scout Tower
08:19 Arcane Sanctum
08:36 Guard Tower
08:36 Guard Tower
08:38 Guard Tower
08:38 Guard Tower
08:58 Guard Tower
08:58 Guard Tower
09:01 Scout Tower
09:15 Guard Tower
09:15 Guard Tower
09:17 Guard Tower
09:17 Guard Tower
09:17 Guard Tower
09:20 Guard Tower
09:20 Guard Tower
09:20 Guard Tower
10:20 Guard Tower
10:20 Guard Tower
10:20 Guard Tower
10:23 Scout Tower
10:24 Scout Tower
10:25 Scout Tower
10:28 Scout Tower
10:35 Castle
10:49 Scout Tower
10:50 Scout Tower
10:51 Scout Tower
10:53 Scout Tower
11:07 Scout Tower
11:19 Guard Tower
11:19 Guard Tower
11:31 Guard Tower
11:31 Guard Tower
11:35 Scout Tower
11:39 Scout Tower
11:53 Arcane Tower
11:53 Arcane Tower
12:01 Scout Tower
12:02 Scout Tower
12:13 Guard Tower
12:13 Guard Tower
12:19 Town Hall
12:30 Guard Tower
12:30 Guard Tower
12:43 Scout Tower
12:44 Scout Tower
12:44 Scout Tower
12:45 Scout Tower
13:00 Guard Tower
13:01 Guard Tower
13:38 Guard Tower
13:38 Guard Tower
13:48 Farm
14:11 Scout Tower
14:13 Scout Tower
14:14 Scout Tower
14:17 Guard Tower
14:18 Guard Tower
14:27 Scout Tower
14:31 Scout Tower
14:42 Guard Tower
14:42 Guard Tower
14:42 Guard Tower
14:44 Guard Tower
14:44 Guard Tower
14:44 Guard Tower
14:46 Scout Tower
14:47 Scout Tower
14:48 Scout Tower
15:00 Scout Tower
15:06 Scout Tower
15:08 Guard Tower
15:09 Guard Tower
15:09 Scout Tower
15:16 Guard Tower
15:16 Guard Tower
15:16 Guard Tower
15:16 Guard Tower
15:20 Scout Tower
15:21 Scout Tower
15:24 Scout Tower
15:28 Guard Tower
15:28 Guard Tower
15:29 Scout Tower
15:36 Guard Tower
15:36 Guard Tower
15:37 Scout Tower
16:01 Scout Tower
16:14 Guard Tower
16:14 Guard Tower
16:16 Scout Tower
16:26 Guard Tower
16:26 Guard Tower
17:36 Arcane Vault
17:38 Guard Tower
17:38 Guard Tower
17:42 Scout Tower
17:43 Scout Tower
19:18 Scout Tower
19:19 Scout Tower
19:19 Scout Tower
19:19 Scout Tower
19:52 Guard Tower
19:52 Guard Tower
19:52 Guard Tower
19:54 Scout Tower
20:01 Guard Tower
20:01 Guard Tower
20:11 Scout Tower
20:11 Scout Tower
20:12 Scout Tower
20:36 Scout Tower
20:38 Guard Tower
20:39 Guard Tower
20:40 Scout Tower
20:41 Scout Tower
20:41 Scout Tower
20:43 Scout Tower
20:44 Scout Tower
20:44 Guard Tower
20:45 Guard Tower
20:45 Scout Tower
20:46 Scout Tower
20:48 Scout Tower
21:03 Guard Tower
21:03 Guard Tower
21:08 Blacksmith
21:38 Scout Tower
21:39 Scout Tower
22:17 Guard Tower
22:17 Guard Tower
22:21 Guard Tower
22:22 Guard Tower
22:22 Guard Tower
23:50 Scout Tower
23:51 Scout Tower
23:51 Scout Tower
23:52 Scout Tower
23:53 Scout Tower
24:34 Guard Tower
24:34 Guard Tower
24:41 Guard Tower
24:41 Guard Tower
25:06 Guard Tower
25:06 Guard Tower
25:26 Scout Tower
25:27 Scout Tower
25:28 Scout Tower
25:29 Scout Tower
25:30 Scout Tower
26:00 Guard Tower
26:00 Guard Tower
26:22 Scout Tower
26:23 Scout Tower
26:23 Scout Tower
26:25 Scout Tower
26:29 Scout Tower
26:30 Scout Tower
26:36 Scout Tower
26:37 Scout Tower
26:38 Scout Tower
26:42 Scout Tower
26:50 Guard Tower
26:51 Guard Tower
26:51 Guard Tower
26:51 Guard Tower
27:01 Guard Tower
27:01 Guard Tower
27:04 Guard Tower
27:04 Guard Tower
27:04 Guard Tower
27:04 Guard Tower
27:11 Guard Tower
27:11 Guard Tower
27:15 Guard Tower
27:16 Guard Tower
27:19 Scout Tower
27:19 Scout Tower
27:25 Scout Tower
27:36 Guard Tower
27:37 Guard Tower
27:46 Guard Tower
27:47 Guard Tower
27:53 Guard Tower
28:16 Scout Tower
28:21 Scout Tower
28:22 Scout Tower
28:23 Guard Tower
28:23 Guard Tower
28:23 Guard Tower
28:32 Town Hall
28:47 Guard Tower
28:47 Guard Tower
28:50 Scout Tower
28:50 Scout Tower
28:51 Scout Tower
28:51 Scout Tower
28:52 Scout Tower
28:52 Scout Tower
28:53 Scout Tower
28:53 Scout Tower
28:54 Scout Tower
28:54 Scout Tower
28:55 Scout Tower
28:56 Scout Tower
28:59 Scout Tower
29:00 Scout Tower
29:01 Scout Tower
29:03 Guard Tower
29:04 Guard Tower
29:08 Scout Tower
29:10 Scout Tower
29:11 Scout Tower
29:38 Guard Tower
29:38 Guard Tower
29:46 Guard Tower
29:46 Guard Tower
30:17 Guard Tower
» items
| Healing Salve | 3 | |
| Staff of Teleportation | 1 | |
| Boots of Speed | 1 | |
| Periapt of Vitality | 1 | |
6 total
timg4strok (
purple | 115 APM | 3591 actions | 31:14)
7 Warden
3 Shadow Strike
3 Blink
1 Spirit of Vengeance
» actions
| Assign group hotkey | 8 | |
| Basic commands | 9 | |
| Build / train | 65 | |
| Enter build submenu | 22 | |
| Enter hero's abilities submenu | 8 | |
| Give item / drop item | 4 | |
| Right click | 2516 | |
| Select / deselect | 165 | |
| Select group hotkey | 552 | |
| Use ability | 241 | |
3591 total
» units
» upgrades
| Ultravision | 1 | |
| Well Spring | 1 | |
| Strength of the Wild | 3 | |
| Reinforced Hides | 3 | |
| Druid of the Talon Training | 1 | |
9 total
» buildings
| Altar of Elders | 1 | |
| Moon Well | 17 | |
| Tree of Ages | 2 | |
| Hunter's Hall | 1 | |
| Tree of Eternity | 1 | |
| Tree of Life | 1 | |
| Ancient of Wonders | 1 | |
| Ancient of Wind | 1 | |
25 total
» build order
00:05 Altar of Elders
00:20 Moon Well
01:20 Moon Well
02:27 Moon Well
04:30 Tree of Ages
04:30 Tree of Ages
05:30 Moon Well
05:31 Moon Well
06:04 Hunter's Hall
06:17 Moon Well
06:19 Moon Well
06:53 Tree of Eternity
07:18 Moon Well
07:19 Moon Well
08:18 Tree of Life
09:18 Ancient of Wonders
10:49 Moon Well
10:49 Moon Well
12:00 Ancient of Wind
19:37 Moon Well
19:38 Moon Well
23:50 Moon Well
23:50 Moon Well
27:44 Moon Well
27:45 Moon Well
» items
| Healing Salve | 1 | |
| Lesser Clarity Potion | 2 | |
| Staff of Teleportation | 1 | |
| Boots of Speed | 1 | |
| Circlet of Nobility | 1 | |
| Orb of Venom | 1 | |
| Tome of Retraining | 1 | |
| Scroll of Town Portal | 1 | |
9 total
unironic (
teal | 138 APM | 4314 actions | 31:15)
5 Blademaster
2 Wind Walk
3 Critical Strike
» actions
| Assign group hotkey | 30 | |
| Basic commands | 13 | |
| Build / train | 70 | |
| Enter build submenu | 78 | |
| Enter hero's abilities submenu | 5 | |
| Give item / drop item | 1 | |
| Right click | 3046 | |
| Select / deselect | 429 | |
| Select group hotkey | 238 | |
| Use ability | 404 | |
4314 total
» units
» upgrades
| Ranged Weapons | 3 | |
| Ensnare | 1 | |
| Liquid Fire | 1 | |
| Armor | 2 | |
| Reinforced Defenses | 1 | |
8 total
» buildings
| Altar of Storms | 1 | |
| Orc Burrow | 5 | |
| War Mill | 1 | |
| Watch Tower | 64 | |
| Voodoo Lounge | 2 | |
| Stronghold | 3 | |
| Beastiary | 3 | |
| Fortress | 1 | |
| Great Hall | 1 | |
| Barracks | 1 | |
82 total
» build order
00:08 Altar of Storms
00:20 Orc Burrow
00:36 War Mill
01:52 Watch Tower
01:56 Watch Tower
02:08 Voodoo Lounge
02:18 Watch Tower
02:28 Watch Tower
03:01 Watch Tower
03:46 Watch Tower
03:46 Watch Tower
04:08 Watch Tower
04:16 Stronghold
04:16 Stronghold
04:16 Stronghold
04:56 Watch Tower
04:57 Watch Tower
05:10 Watch Tower
05:13 Orc Burrow
06:14 Watch Tower
06:15 Watch Tower
06:26 Watch Tower
06:42 Beastiary
06:45 Beastiary
06:48 Watch Tower
07:40 Voodoo Lounge
07:45 Watch Tower
07:47 Watch Tower
07:56 Watch Tower
07:57 Watch Tower
07:59 Fortress
08:56 Watch Tower
09:12 Great Hall
09:19 Watch Tower
09:30 Watch Tower
10:21 Watch Tower
11:53 Watch Tower
11:54 Watch Tower
11:56 Watch Tower
12:15 Watch Tower
12:15 Watch Tower
12:37 Watch Tower
12:38 Watch Tower
12:54 Orc Burrow
12:58 Orc Burrow
13:38 Watch Tower
14:05 Watch Tower
14:49 Watch Tower
14:52 Watch Tower
14:53 Watch Tower
14:54 Watch Tower
14:54 Watch Tower
14:55 Watch Tower
15:09 Watch Tower
15:16 Watch Tower
16:21 Beastiary
17:07 Watch Tower
17:08 Watch Tower
17:17 Orc Burrow
17:24 Watch Tower
17:27 Watch Tower
19:54 Watch Tower
19:55 Watch Tower
19:56 Watch Tower
19:56 Watch Tower
20:52 Watch Tower
20:52 Watch Tower
20:53 Watch Tower
22:52 Watch Tower
22:53 Watch Tower
22:54 Watch Tower
24:28 Barracks
26:41 Watch Tower
26:41 Watch Tower
27:42 Watch Tower
27:43 Watch Tower
27:48 Watch Tower
27:48 Watch Tower
29:13 Watch Tower
29:14 Watch Tower
29:14 Watch Tower
» items
| Boots of Speed | 2 | |
| Healing Salve | 1 | |
| Lesser Clarity Potion | 3 | |
| Orb of Lightning | 1 | |
| Staff of Teleportation | 1 | |
8 total
team 2 (loser)
Buchholz (
blue | 104 APM | 3241 actions | 31:14)
5 Archmage
2 Summon Water Elemental
2 Brilliance Aura
1 Blizzard
3 Mountain King
2 Storm Bolt
1 Bash
» actions
| Assign group hotkey | 83 | |
| Basic commands | 45 | |
| Build / train | 114 | |
| ESC pressed | 3 | |
| Enter build submenu | 35 | |
| Enter hero's abilities submenu | 8 | |
| Right click | 1442 | |
| Select / deselect | 649 | |
| Select group hotkey | 760 | |
| Use ability | 102 | |
3241 total
» units
| Peasant | 26 | |
| Footman | 9 | |
| Rifleman | 5 | |
| Goblin Sapper | 1 | |
| Goblin Zeppelin | 1 | |
| Dragonhawk Rider | 13 | |
| Priest | 1 | |
| Gryphon Rider | 2 | |
| Siege Engine | 6 | |
64 total
» upgrades
| Gunpowder | 3 | |
| Priest Training | 1 | |
| Lumber Harvesting | 1 | |
| Cloud | 1 | |
| Magic Sentry | 1 | |
| Swords | 1 | |
| Armor | 1 | |
| Storm Hammers | 1 | |
| Plating | 1 | |
| Barrage | 1 | |
12 total
» buildings
| Altar of Kings | 1 | |
| Barracks | 1 | |
| Farm | 11 | |
| Scout Tower | 10 | |
| Arcane Tower | 2 | |
| Keep | 4 | |
| Lumber Mill | 1 | |
| Blacksmith | 1 | |
| Town Hall | 2 | |
| Arcane Sanctum | 1 | |
| Guard Tower | 5 | |
| Gryphon Aviary | 2 | |
| Arcane Vault | 1 | |
| Castle | 1 | |
| Workshop | 3 | |
46 total
» build order
00:07 Altar of Kings
00:11 Barracks
00:20 Farm
00:53 Farm
01:34 Scout Tower
01:52 Farm
02:22 Arcane Tower
03:35 Farm
03:38 Keep
03:38 Keep
03:38 Keep
03:58 Lumber Mill
04:50 Keep
06:34 Blacksmith
06:57 Town Hall
07:41 Scout Tower
07:42 Scout Tower
07:59 Farm
08:16 Arcane Sanctum
08:23 Guard Tower
11:23 Gryphon Aviary
11:25 Gryphon Aviary
12:03 Arcane Vault
13:32 Scout Tower
13:36 Farm
14:06 Arcane Tower
14:13 Farm
14:18 Castle
18:02 Town Hall
19:26 Scout Tower
19:26 Scout Tower
19:43 Scout Tower
19:57 Guard Tower
19:59 Scout Tower
20:31 Guard Tower
20:33 Scout Tower
20:57 Farm
21:19 Guard Tower
21:34 Scout Tower
22:02 Guard Tower
22:18 Workshop
22:20 Workshop
22:24 Workshop
24:15 Farm
26:50 Farm
27:18 Farm
» items
| Scroll of Healing | 3 | |
| Potion of Lesser Invulnerability | 3 | |
| Scroll of Regeneration | 1 | |
| Scroll of Town Portal | 4 | |
| Tome of Retraining | 1 | |
12 total
Streb (
pink | 77 APM | 2387 actions | 31:10)
4 Tauren Chieftain
2 Endurance Aura
2 War Stomp
» actions
| Assign group hotkey | 37 | |
| Basic commands | 434 | |
| Build / train | 96 | |
| ESC pressed | 1 | |
| Enter build submenu | 22 | |
| Enter hero's abilities submenu | 4 | |
| Remove unit from queue | 15 | |
| Right click | 741 | |
| Select / deselect | 460 | |
| Select group hotkey | 540 | |
| Use ability | 37 | |
2387 total
» units
| Peon | 18 | |
| Troll Headhunter/Berserker | 35 | |
| Demolisher | 5 | |
| Troll Batrider | 2 | |
60 total
» upgrades
| Melee Weapons | 3 | |
| Armor | 3 | |
| Troll Regeneration | 1 | |
| Berserker Upgrade | 1 | |
| Pillage | 1 | |
| Ranged Weapons | 3 | |
| Spiked Barricades | 1 | |
13 total
» buildings
| Altar of Storms | 1 | |
| Orc Burrow | 11 | |
| War Mill | 1 | |
| Barracks | 2 | |
| Stronghold | 1 | |
| Fortress | 1 | |
| Great Hall | 1 | |
| Watch Tower | 2 | |
| Voodoo Lounge | 1 | |
| Beastiary | 1 | |
22 total
» build order
00:10 Altar of Storms
00:19 Orc Burrow
00:42 War Mill
01:30 Barracks
01:50 Orc Burrow
02:42 Barracks
03:48 Stronghold
05:29 Orc Burrow
05:30 Orc Burrow
09:07 Fortress
15:22 Great Hall
16:01 Orc Burrow
16:05 Orc Burrow
16:38 Watch Tower
16:42 Watch Tower
20:14 Orc Burrow
20:20 Orc Burrow
21:27 Orc Burrow
25:22 Voodoo Lounge
26:10 Orc Burrow
27:55 Beastiary
28:18 Orc Burrow
» items
tormenT (
green | 130 APM | 4045 actions | 31:10)
4 Death Knight
2 Death Coil
2 Unholy Aura
2 Lich
1 Frost Nova
1 Dark Ritual
» actions
| Assign group hotkey | 383 | |
| Basic commands | 166 | |
| Build / train | 79 | |
| ESC pressed | 1 | |
| Enter build submenu | 19 | |
| Enter hero's abilities submenu | 6 | |
| Give item / drop item | 2 | |
| Remove unit from queue | 2 | |
| Right click | 1789 | |
| Select / deselect | 341 | |
| Select group hotkey | 1161 | |
| Use ability | 96 | |
4045 total
» units
| Acolyte | 11 | |
| Ghoul | 2 | |
| Crypt Fiend | 14 | |
| Obsidian Statue | 8 | |
| Meatwagon | 2 | |
| Frost Wyrm | 4 | |
41 total
» upgrades
| Web | 1 | |
| Creature Attack | 3 | |
| Burrow | 1 | |
| Destroyer Form | 1 | |
| Creature Carapace | 1 | |
| Freezing Breath | 1 | |
8 total
» buildings
| Graveyard | 1 | |
| Crypt | 1 | |
| Altar of Darkness | 1 | |
| Ziggurat | 11 | |
| Tomb of Relics | 2 | |
| Nerubian Tower | 2 | |
| Halls of the Dead | 3 | |
| Slaughterhouse | 1 | |
| Black Citadel | 2 | |
| Spirit Tower | 4 | |
| Sacrificial Pit | 1 | |
| Necropolis | 1 | |
| Boneyard | 2 | |
32 total
» build order
00:08 Graveyard
00:12 Crypt
00:40 Altar of Darkness
01:00 Ziggurat
01:30 Tomb of Relics
02:12 Ziggurat
02:39 Nerubian Tower
03:37 Halls of the Dead
03:37 Halls of the Dead
03:37 Halls of the Dead
04:34 Ziggurat
06:27 Slaughterhouse
08:04 Ziggurat
08:25 Black Citadel
08:25 Black Citadel
08:31 Ziggurat
11:16 Ziggurat
13:18 Spirit Tower
14:10 Sacrificial Pit
14:51 Ziggurat
14:52 Ziggurat
18:47 Necropolis
19:50 Ziggurat
19:51 Ziggurat
19:52 Ziggurat
21:13 Boneyard
23:02 Boneyard
23:54 Nerubian Tower
23:55 Spirit Tower
25:33 Tomb of Relics
26:08 Spirit Tower
26:13 Spirit Tower
» items
| Rod of Necromancy | 2 | |
| Dust of Appearance | 1 | |
| Potion of Healing | 1 | |
| Scroll of Town Portal | 1 | |
5 total
Chat log
(00:42 / All) Buchholz: gl hf
(04:46 / All) timg4strok: Hello
(31:10 / All) unironic: guy's